 Dungeon Crawl Stone Soup version 0.14-a0-836-g5210f43 (webtiles) character file.

2252 PolkaDot the Jinx (level 9, 0/57 HPs)
             Began as a Vampire Enchanter on Nov 13, 2013.
             Was a Follower of Ashenzari.
             Succumbed to a gnoll's poison
             ... on Level 6 of the Dungeon.
             The game lasted 00:35:30 (5793 turns).

PolkaDot the Jinx (Vampire Enchanter)               Turns: 5793, Time: 00:35:30

HP   0/57        AC  1     Str  7 (10) XL: 9   Next:  0%
MP   2/14        EV 18     Int 18      God: Ashenzari [*.....]
Gold 287         SH  0     Dex 25      Spells:  2 memorised,  6 levels left

Res.Fire  : . . .   See Invis. : +   a - +1,+2 dagger (curse)
Res.Cold  : + . .   Warding    : .   s - -3 robe of Pride {Dex+4}
Life Prot.: + + .   Conserve   : .   (no shield)
Res.Poison: +       Res.Corr.  : .   (no helmet)
Res.Elec. : .       Clarity    : .   f - +0 cloak
Sust.Abil.: . .     Spirit.Shd : .   (no gloves)
Res.Mut.  : .       Stasis     : .   k - +0 pair of boots
Res.Rott. : +       Flight     : .   (no amulet)
Saprovore : . . .                    (no ring)
                                     y - cursed ring of regeneration

@: regenerating slowly, mighty, agile, mildly poisoned, somewhat resistant to
hostile enchantments, extraordinarily stealthy
A: bottle blood, fangs 3, see invisible, unbreathing, Str -2
a: Bat Form, Bottle Blood, Renounce Religion


You were on level 6 of the Dungeon.
You worshipped Ashenzari.
Ashenzari was aware of your devotion.
You were very thirsty.

You visited 1 branch of the dungeon, and saw 6 of its levels.

You collected 287 gold pieces.

Inventory:

Hand weapons
 a - a cursed +1,+2 dagger (weapon)
Missiles
 d - 10 darts (quivered)
Armour
 b - a +1 robe
 f - a +0 cloak (worn)
 k - a +0 pair of boots (worn)
 s - the cursed -3 robe of Pride (worn) {Dex+4}
   (You found it on level 5 of the Dungeon)

   It affects your dexterity (+4).
   It has a curse placed upon it.
Scrolls
 e - a scroll of amnesia
 g - a scroll of blinking {unknown}
 h - 2 scrolls of teleportation
 j - a scroll of curse weapon
 l - 2 scrolls of fog {unknown}
 m - a scroll of recharging {unknown}
 o - a scroll of enchant armour {unknown}
 q - 5 scrolls of identify {unknown}
 t - a scroll of remove curse
 u - a scroll of magic mapping {unknown}
 x - a scroll of noise {unknown}
Jewellery
 y - a cursed ring of regeneration (left hand)
Potions
 v - a potion of magic
 A - a potion of mutation
Books
 c - a book of Maledictions

   Spells                             Type                      Level
   *Corona                            Hexes                        1
   Sure Blade                         Hexes/Charms                 2
   Ensorcelled Hibernation            Hexes/Ice                    2
   *Confuse                           Hexes                        3
   Enslavement                        Hexes                        4
   Invisibility                       Hexes                        6
 n - a book of the Sky

   Spells                             Type                      Level
   Flight                             Charms/Air                   3
   Airstrike                          Air                          4
   Silence                            Hexes/Air                    5
   Deflect Missiles                   Charms/Air                   6
   Conjure Ball Lightning             Conjuration/Air              6
   Tornado                            Air                          9
 w - a book of Power

   Spells                             Type                      Level
   Iskenderun's Mystic Blast          Conjuration                  4
   Venom Bolt                         Conjuration/Poison           5
   Bolt of Magma                      Conjuration/Fire/Earth       5
   Fulminant Prism                    Conjuration/Hexes            5
   Iron Shot                          Conjuration/Earth            6
   Orb of Destruction                 Conjuration                  7


   Skills:
 + Level 6.4 Short Blades
 - Level 0.7 Throwing
 - Level 2.1 Dodging
 + Level 9.3 Stealth
 - Level 1.0 Spellcasting
 * Level 12.3 Hexes


You had 6 spell levels left.
You knew the following spells:

 Your Spells              Type           Power        Failure   Level  Hunger
A - Corona                Hex            #####..      1%          1    ##.....
C - Confuse               Hex            #####...     1%          3    ####...


Dungeon Overview and Level Annotations

Branches:
Dungeon (6/16)
 Temple: D:4-7          Orc: D:6-11

Altars:
Ashenzari
Elyvilon
Fedhas
Nemelex Xobeh
Trog
Vehumet
Xom


Innate Abilities, Weirdness & Mutations

You heal slowly.
You can bottle blood from corpses.
You have razor-sharp teeth.*
You have supernaturally acute eyesight.
You can survive without breathing.*
You are weak. (Str -2)


Message History

You have reached level 9!
Your experience leads to an increase in your attributes!
Increase (S)trength, (I)ntelligence, or (D)exterity?
You feel agile. The gnoll barely misses you.
Drink which item? (? for menu, Esc to quit)
Okay, then.
The gnoll hits you with a halberd of venom!
* * * LOW HITPOINT WARNING * * *
You are more poisoned.
You closely miss the gnoll.
* * * LOW HITPOINT WARNING * * *
You feel sick.
You feel a little better.
Read which item? (? for menu, Esc to quit)
Okay, then.
Drink which item? (? for menu, Esc to quit)
You feel more agile all of a sudden.
It was a potion of agility.
You die...

#.#
#.....##..........
#.#
#.....###########.
#.#
#......gg.........
#.# #.....#
########. #.#
#...g.# #.
##.###.# #.
#....#)# ##
#....#g# #....#@#
####### #....#.#
#...... #.....(#
#...... ########
#...... #######


You could see a gnoll.

Vanquished Creatures
  Grinder (D:3)
  Edmund (D:4)
  A phantom (D:6)
  An orc warrior (D:6)
  3 ice beasts
  4 sky beasts
  Sigmund (D:3)
  2 giant frogs
  A goliath beetle (D:6)
  2 crimson imps
  A jelly (D:6)
  An orc priest (D:5)
  3 orc wizards
  A scorpion (D:6)
  2 iguanas
  2 worker ants
  10 adders
  3 gnolls (D:6)
  4 worms
  An adder skeleton (D:5)
  A giant eyeball (D:5)
  9 orcs
  A ball python (D:3)
  7 bats
  4 giant cockroaches
  11 goblins
  12 hobgoblins
  12 jackals
  A quokka (D:2)
  A giant gecko (D:4)
  6 giant newts
  11 kobolds
  A kobold skeleton (D:6)
  14 rats
136 creatures vanquished.

Notes
Turn   | Place    | Note
--------------------------------------------------------------
     0 | D:1      | PolkaDot, the Vampire Enchanter, began the quest for the Orb.
     0 | D:1      | Reached XP level 1. HP: 13/13 MP: 4/4
   241 | D:1      | Reached XP level 2. HP: 14/19 MP: 5/5
   546 | D:1      | Reached skill level 5 in Hexes
   881 | D:2      | Reached XP level 3. HP: 18/24 MP: 6/6
   996 | D:2      | Found a bloodstained altar of Trog.
  1268 | D:2      | Found a shimmering altar of Xom.
  1308 | D:2      | Reached XP level 4. HP: 11/30 MP: 8/8
  1460 | D:3      | Found a sparkling altar of Nemelex Xobeh.
  1460 | D:3      | Noticed Sigmund
  1466 | D:3      | Gained mutation: You are weak. (Str -2) [potion of mutation]
  1492 | D:2      | Learned a level 3 spell: Confuse
  1725 | D:3      | Killed Sigmund
  1725 | D:3      | Reached skill level 6 in Hexes
  1725 | D:3      | Reached XP level 5. HP: 35/35 MP: 3/9
  1798 | D:3      | Noticed a moth of wrath
  1800 | D:3      | Found a bloodstained altar of Trog.
  1931 | D:3      | Noticed a sky beast
  1939 | D:3      | Killed a sky beast
  1939 | D:3      | Reached skill level 5 in Stealth
  1939 | D:3      | Reached skill level 7 in Hexes
  2089 | D:3      | Found a white marble altar of Elyvilon.
  2238 | D:3      | Found a radiant altar of Vehumet.
  2362 | D:3      | Noticed Grinder
  2369 | D:3      | Paralysed by Grinder for 2 turns
  2475 | D:3      | Paralysed by Grinder for 3 turns
  2484 | D:3      | Killed Grinder
  2484 | D:3      | Reached skill level 8 in Hexes
  2484 | D:3      | Reached XP level 6. HP: 32/41 MP: 0/10
  2704 | D:4      | Found a blossoming altar of Fedhas.
  2727 | D:4      | Found a shattered altar of Ashenzari.
  2733 | D:4      | Became a worshipper of Ashenzari the Shackled
  2753 | D:4      | Noticed Edmund
  2993 | D:4      | Killed Edmund
  2993 | D:4      | Reached skill level 9 in Hexes
  2993 | D:4      | Reached XP level 7. HP: 30/46 MP: 2/11
  3707 | D:5      | Entered Level 5 of the Dungeon
  3794 | D:5      | Reached skill level 5 in Short Blades
  3794 | D:5      | Reached skill level 10 in Hexes
  3834 | D:5      | Paralysed by a giant eyeball for 2 turns
  3915 | D:5      | Reached XP level 8. HP: 49/52 MP: 9/13
  4076 | D:5      | Got the cursed robe of Pride {Dex+4}
  4086 | D:5      | Identified the cursed -3 robe of Pride {Dex+4} (You found it on level 5 of the Dungeon)
  4534 | D:5      | Reached skill level 11 in Hexes
  5486 | D:6      | Reached skill level 12 in Hexes
  5788 | D:6      | Reached XP level 9. HP: 12/57 MP: 2/14
  5791 | D:6      | HP: 2/57 [gnoll/halberd of venom (11)]
  5793 | D:6      | Succumbed to a gnoll's poison

Action                   |  1- 3 |  4- 6 |  7- 9 || total
-------------------------+-------+-------+-------++-------
Melee: Dagger            |   161 |   116 |   280 ||   557
Throw: Dart              |     9 |       |       ||     9
 Cast: Corona            |     3 |       |     4 ||     7
       Confuse           |       |    23 |    57 ||    80
  Use: Potion            |     1 |     7 |    10 ||    18
       Scroll            |       |     5 |     3 ||     8
 Stab: Sleeping          |     5 |     9 |    13 ||    27
       Confused          |       |     7 |    31 ||    38
       Distracted        |       |     1 |       ||     1
